 Dungeon Crawl Stone Soup version 0.27-a0-1230-gfc7c993222 (webtiles) character file.

Game seed: 7973904968733931686

208 Bnni the Slasher (level 5, -5/41 HPs)
             Began as a Demonspawn Gladiator on June 8, 2021.
             Was a Priest of Lugonu.
             Splashed by a kobold's acid (9 damage)
             ... on level 3 of the Dungeon.
             The game lasted 00:06:36 (3751 turns).

Bnni the Slasher (Demonspawn Gladiator)             Turns: 3751, Time: 00:06:42

Health: -5/41      AC:  9    Str: 20    XL:     5   Next: 55%
Magic:  0/5        EV: 11    Int: 10    God:    Lugonu [***...]
Gold:   189        SH:  0    Dex: 15    Spells: 4/4 levels left

rFire    . . .     SeeInvis .   n - +2 falchion (flame)
rCold    . . .     Faith    .   (no shield)
rNeg     . . .     Spirit   +   j - +0 swamp dragon scales
rPois    +         Reflect  .   c - +0 helmet
rElec    .         Harm     .   h - +0 cloak
rCorr    .         Rampage  .   (no gloves)
Will     .....                  (no boots)
Stlth    +.........             k - amulet of guardian spirit
HPRegen  0.13/turn              b - +6 ring of strength
MPRegen  0.09/turn              (no ring)

@: no status effects
A: talons 2
a: Renounce Religion, Depart the Abyss, Bend Space, Banish


You were on level 3 of the Dungeon.
You worshipped Lugonu.
Lugonu was most pleased with you.
You visited 1 branch of the dungeon, and saw 4 of its levels.

You collected 189 gold pieces.

Inventory:

Hand Weapons
 a - a +0 vampiric trident
 n - a +2 falchion of flaming (weapon)
Missiles
 d - a throwing net (quivered)
Armour
 c - a +0 helmet (worn)
 h - a +0 cloak (worn)
 j - +0 swamp dragon scales (worn)
Jewellery
 b - a +6 ring of strength (left hand)
 k - an amulet of guardian spirit (around neck)
Wands
 p - a wand of paralysis (7)
Scrolls
 e - 2 scrolls of identify
 g - a scroll of enchant armour
 i - a scroll of enchant weapon {unknown}
 q - a scroll of amnesia {unknown}
Potions
 f - 2 potions of curing
 l - a potion of heal wounds
 m - a potion of cancellation


   Skills:
 + Level 3.6 Fighting
 * Level 5.0 Long Blades
 - Level 1.7 Throwing
 - Level 2.6 Dodging
 + Level 0.1 Invocations


You had 4 spell levels left.
You didn't know any spells.
Your spell library contained the following spells:

 Spells                   Type           Power      Damage    Failure   Level
 Foxfire                  Conj/Fire      0%         2x1d4     54%         1
 Conjure Flame            Conj/Fire      0%         6-21      89%         3
 Inner Flame              Hex/Fire       0%         N/A       89%         3
 Sticky Flame             Conj/Fire      0%         2d3       100%        4
 Fireball                 Conj/Fire      0%         3d3       100%        5


Dungeon Overview and Level Annotations

Branches:
Dungeon (4/15)
 Temple: D:4-7

Altars:
Fedhas
Gozag
Sif Muna
Trog
Lugonu

Shops:
D:2 (


Innate Abilities, Weirdness & Mutations

You have razor-sharp toenails.


Message History

Evoke which item? (* to show all) (? for menu, Esc to quit)
Okay, then.
Aiming: Paralyse
Press: ? - help, Shift-Dir - straight line, f/p - Bnni's ghost
Aim: Bnni's ghost (chance to affect: 34%) Bnni's ghost easily resists.
Bnni's ghost hits you.
Aiming: Paralyse
Press: ? - help, Shift-Dir - straight line, f/p - Bnni's ghost
Aim: Bnni's ghost (chance to affect: 34%) Bnni's ghost suddenly stops moving!
The helpless Bnni's ghost fails to defend itself.
You hit Bnni's ghost. You burn Bnni's ghost.
You claw Bnni's ghost, but do no damage.
Bnni's ghost is lightly damaged.
The helpless Bnni's ghost fails to defend itself.
You hit Bnni's ghost. You burn Bnni's ghost.
You claw Bnni's ghost, but do no damage.
Bnni's ghost is lightly damaged.
The helpless Bnni's ghost fails to defend itself.
You hit Bnni's ghost. You burn Bnni's ghost.
You claw Bnni's ghost, but do no damage.
Bnni's ghost is moderately damaged.
The helpless Bnni's ghost fails to defend itself.
You hit Bnni's ghost but do no damage.
You claw Bnni's ghost, but do no damage.
Bnni's ghost is moderately damaged.
The helpless Bnni's ghost fails to defend itself.
You slash Bnni's ghost! You burn Bnni's ghost.
Bnni's ghost is heavily damaged.
The helpless Bnni's ghost fails to defend itself.
You hit Bnni's ghost. You burn Bnni's ghost. You claw Bnni's ghost.
Bnni's ghost is almost destroyed.
The helpless Bnni's ghost fails to defend itself.
You slash Bnni's ghost! You burn Bnni's ghost.
You destroy Bnni's ghost!
Lugonu accepts your kill.
The kobold zaps a wand.
The bolt of acid hits you!
* * * LOW HITPOINT WARNING * * *
You are splashed with acid!
You die...

#################.#
#...K.............#
#K###############.# #.# #.#
#.############ #K#
#....(.(.K...# #.#
################K# #.#
#...........#..#.# #.#
#.#########.#..#@# #.# #.#
#.#..#.####.# #.#
#.#.<#....#.# #.#
#.#.#####.#.##### #.#######
#.#.......#.....#
#.....|.###.#############K#
...............>.......K.>#
........###.#.........#####
##########(...###'###.#


You could see a kobold.

Vanquished Creatures
  The ghost of Bnni the Poker, an amateur DsGl (D:3)
  A howler monkey (D:2)
  Jessica (D:2)
  2 adders (D:2)
  4 gnolls (D:3)
  2 dart slugs
  3 orcs
  8 ball pythons
  7 bats
  7 endoplasms
  A giant cockroach (D:2)
  6 goblins
  5 hobgoblins
  8 jackals
  A quokka (D:3)
  2 frilled lizards (D:1)
  9 kobolds
  9 rats
77 creatures vanquished.

Vanquished Creatures (others)
  A plant (D:3)
1 creature vanquished.

Grand Total: 78 creatures vanquished

Notes
Turn   | Place    | Note
-------+----------+-------------------------------------------
     0 | D:1      | Bnni the Demonspawn Gladiator began the quest for the Orb.
     0 | D:1      | Reached XP level 1. HP: 16/16 MP: 1/1
    93 | D:1      | Found a faded altar of an unknown god.
   105 | D:1      | Became a worshipper of Lugonu the Unformed
   105 | D:1      | Reached * piety under Lugonu
   105 | D:1      | Reached ** piety under Lugonu
   340 | D:1      | Reached skill level 3 in Long Blades
   343 | D:1      | Gained mutation: You have sharp toenails. [demonic
                  | ancestry]
   343 | D:1      | Reached XP level 2. HP: 6/22 MP: 2/2
  1323 | D:1      | Reached XP level 3. HP: 26/28 MP: 3/3
  1902 | D:2      | Found a shimmering blue altar of Sif Muna.
  1946 | D:2      | Noticed Jessica
  1952 | D:2      | Reached skill level 4 in Long Blades
  1952 | D:2      | Gained mutation: You have razor-sharp toenails. [demonic
                  | ancestry]
  1952 | D:2      | Reached XP level 4. HP: 32/34 MP: 4/4
  1956 | D:2      | Killed Jessica
  2189 | D:2      | Found Koac's Weapon Emporium.
  2450 | D:2      | Reached *** piety under Lugonu
  2471 | D:2      | Reached XP level 5. HP: 41/41 MP: 5/5
  2641 | D:3      | Found a runed translucent gate.
  2670 | D:3      | Found an opulent altar of Gozag.
  2908 | D:3      | Found a blossoming altar of Fedhas.
  3028 | D:3      | Noticed Bnni's ghost (amateur DsGl)
  3029 | D:3      | Found a runed translucent gate.
  3031 | D:3      | Found a runed translucent gate.
  3072 | D:3      | Found a bloodstained altar of Trog.
  3179 | D:3      | Reached skill level 5 in Long Blades
  3751 | D:3      | Killed Bnni's ghost
  3751 | D:3      | Splashed by a kobold's acid

Illustrated notes

Levels and vault maps discovered:
D:1:      wheals_arrival_shading, layout_loops_corners,
          chequers_ecumenical_altar_twisty, roderic_filled_cross,
          minmay_liquid_box
D:2:      layout_loops_ring, serial_shops, nicolae_shop_trees, basic_altar,
          minmay_split_cup_large, uniq_jessica
D:3:      layout_basic, fedhas_ov_isle_minmay, amcnicky_altar_gilded,
          nicolae_gozag_seed_capital, gammafunk_ghost_nasty_kobolds,
          hangedman_decor_riveting, minmay_misc_feat_rugged,
          roderic_roman_lattice
D:4:      layout_basic, nicolae_ru_great_annihilating_truth,
          nemelex_diamond_rough_becter, minmay_ogre_servants

Skill      XL: |  1  2  3  4  5 |
---------------+----------------+-----
Long Blades    | 3 4 5 |  5.0
Fighting       | 3 |  3.6
Throwing       | |  1.7
Dodging        | |  2.6
Invocations    | |  0.1

Action                   |  1- 3 |  4- 6 || total
-------------------------+-------+-------++-------
Melee: Long sword        |    64 |    33 ||    97
       Kick              |    14 |    34 ||    48
       Trident           |       |    64 ||    64
       Falchion          |       |    13 ||    13
Throw: Throwing net      |       |     2 ||     2
Evoke: Wand              |       |     2 ||     2
  Use: Scroll            |       |     6 ||     6
 Stab: Sleeping          |     1 |       ||     1
       Paralysed         |       |     7 ||     7
Armor: Leather armour    |    18 |       ||    18
       Chain mail        |     5 |     2 ||     7
       Swamp dragon scal |       |    54 ||    54
Dodge: Dodged            |    36 |    80 ||   116
       Rpst.: Long sword |     9 |    13 ||    22
       Falchion          |       |     1 ||     1

Table legend: (Time is in decaauts)
 A = Elapsed time spent in this place.
 B = Non-inter-level travel time spent in this place.
 C = Inter-level travel time spent in this place.
 D = Time resting spent in this place.
 E = Time spent auto-exploring this place.
 F = Levels seen in this place.
 G = Mean time per level.
                   A        B        C        D        E       F      G
               +--------+--------+--------+--------+--------+-----+--------+
         Total |   3792 |   3664 |    128 |    275 |   2821 |   4 |  948.0 |
       Dungeon |   3792 |   3664 |    128 |    275 |   2821 |   4 |  948.0 |
               +--------+--------+--------+--------+--------+-----+--------+

Top non-repeatable levels by time:
     D:1: 1843 daAuts
     D:3: 1116 daAuts
     D:2: 830 daAuts
     D:4: 1 daAuts
